Flyers vs Flames

Created - December 13 2006 at 18:55

Goals
1 2 3 OT1 SO T
Flyers 2 1 0 0 1 4
Flames 2 1 0 0 0 3
Shots
1 2 3 OT1 SO T
Flyers 6 12 11 5 3 34
Flames 11 10 10 3 3 34

Period #1

1. Flames , Jarome Iginla 4 (Jaroslav Modry) at 2:58 (PP)
2. Flyers , Simon Gagne 4 (Joni Pitkanen, Peter Forsberg) at 6:52
3. Flyers , Simon Gagne 5 (Derian Hatcher, Joni Pitkanen) at 15:56 (PP)
4. Flames , Craig Conroy 7 (Jarome Iginla) at 19:25

Penalities :
Mike Rathje (PHI) for Interference (Minor) at 1:05, Mike Richards (PHI) for Holding (Minor) at 6:56, Rhett Warrener (CGY) for Hooking (Minor) at 14:29, Mike Richards (PHI) for High sticking (Minor) at 16:32, Alex Tanguay (CGY) for Holding (Minor) at 19:21, Tomas Holmstrom (PHI) for Delaying the game (Minor) at 19:21

Period #2

5. Flames , Jarome Iginla 5 (Roman Hamrlik, Jussi Jokinen) at 6:03
6. Flyers , Mike Rathje 3 (Michal Handzus) at 8:02 (PP)

Penalities :
Jay Bouwmeester (PHI) for Holding (Minor) at 3:10, Andrew Ference (CGY) for Clipping (Minor) at 6:38, Tony Amonte (CGY) for Roughing (Minor) at 14:42, Roman Hamrlik (CGY) for Cross-checking (Minor) at 18:49

Period #3

No Goal

Penalities :
Joni Pitkanen (PHI) for Hooking (Minor) at 0:54, Derian Hatcher (PHI) for Roughing (Minor) at 7:11, Jussi Jokinen (CGY) for Roughing (Minor) at 16:04, Jeff Carter (PHI) for Charging (Minor) at 18:15

Overtime #1

No Goal

Penalities :
No Penalty

Shootout

Penalty Shot by Peter Forsberg for Flyers - Stopped by Miikka Kiprusoff
Penalty Shot by Jarome Iginla for Flames - Stopped by Robert Esche
Penalty Shot by Simon Gagne for Flyers - Shot Misses the Net
Penalty Shot by Alex Tanguay for Flames - Shot Misses the Net
Penalty Shot by Mike Knuble for Flyers - Goal!
Penalty Shot by Craig Conroy for Flames - Stopped by Robert Esche

Penalities :
No Penalty

Goalie Stats

Robert Esche (PHI), 31 saves from 34 shots - (0.912), W, 5-4-0, 65:00 minutes
Miikka Kiprusoff (CGY), 31 saves from 34 shots - (0.912), OTL, 6-1-1, 65:00 minutes

Players Stats

Flyers
Player Name              G  A  P  +/- PIM S  H  SB FO MP 
-----------------------------------------------------------
Alexei Yashin            0  0  0   0  0   1  0  2  0  3  
Denis Gauthier           0  0  0   0  0   1  0  2  0  16 
Derian Hatcher           0  1  1  -1  2   1  1  3  0  28 
Freddy Meyer             0  0  0   0  0   0  0  1  0  14 
Geoff Sanderson          0  0  0   0  0   8  0  0  2  17 
Jay Bouwmeester          0  0  0   0  2   2  1  0  0  23 
Jeff Carter              0  0  0   0  2   3  0  0  17 11 
Joni Pitkanen            0  2  2  -1  2   0  1  1  0  28 
Michal Handzus           0  1  1   0  0   3  0  1  15 25 
Mike Knuble              0  0  0   0  0   3  2  2  12 24 
Mike Rathje              1  0  1   0  2   1  0  1  0  25 
Mike Richards            0  0  0   0  4   0  1  0  7  5  
Niko Dimitrakos          0  0  0   0  0   0  0  2  2  16 
Peter Forsberg           0  1  1  -1  0   0  0  0  30 26 
Petr Nedved              0  0  0   0  0   0  0  0  0  0  
Randy Robitaille         0  0  0   0  0   1  0  0  3  16 
Simon Gagne              2  0  2  -1  0   6  0  0  2  26 
Tomas Holmstrom          0  0  0   0  2   4  1  1  0  16 
Flames
Player Name              G  A  P  +/- PIM S  H  SB FO MP 
-----------------------------------------------------------
Alex Tanguay             0  0  0   0  2   7  0  0  1  20 
Andrei Zyuzin            0  0  0  -1  0   0  1  1  0  27 
Andrew Ference           0  0  0  -1  2   1  1  0  0  15 
Bill Guerin              0  0  0  -1  0   1  1  0  3  14 
Brian Willsie            0  0  0   0  0   0  0  0  1  9  
Craig Conroy             1  0  1   1  0   5  0  2  31 21 
Daymond Langkow          0  0  0   1  0   0  0  1  11 17 
Jarome Iginla            2  1  3   2  0   7  0  0  10 26 
Jaroslav Modry           0  1  1   1  0   1  0  2  0  26 
Joe Nieuwendyk           0  0  0  -1  0   4  0  0  24 23 
Jussi Jokinen            0  1  1   1  2   2  0  0  0  17 
Kristian Huselius        0  0  0  -1  0   2  0  0  0  14 
Matthew Lombardi         0  0  0   0  0   1  0  0  7  9  
Rhett Warrener           0  0  0   1  2   0  2  3  0  17 
Robyn Regehr             0  0  0   1  0   0  0  3  0  27 
Roman Hamrlik            0  1  1   1  2   1  1  0  0  24 
Stephane Yelle           0  0  0   0  0   0  0  0  0  6  
Tony Amonte              0  0  0   0  2   2  0  1  2  16 

3 Stars

1 - Jarome Iginla (CGY)
2 - Simon Gagne (PHI)
3 - Robert Esche (PHI)

Power Play

Flyers - 2 on 6 Attempt(s) - 33.33%
Flames - 1 on 6 Attempt(s) - 16.67%

Penalty Kill

Flyers - 5 on 6 Attempt(s) - 83.33% - Score 0 goal in Penalty Kill
Flames - 4 on 6 Attempt(s) - 66.67% - Score 0 goal in Penalty Kill

Game Notes

No Game Note

Finance

Level 1 -- Attendance: 4497 (69.18%) -- Ticket Income $449,700.00
Level 2 -- Attendance: 4709 (85.61%) -- Ticket Income $282,540.00
Level 3 -- Attendance: 2244 (80.57%) -- Ticket Income $78,540.00
Level 4 -- Attendance: 3707 (92.67%) -- Ticket Income $74,140.00
Luxury Box -- Attendance: 875 (70.01%) -- Ticket Income $175,000.00
Game was played at the Pengrowth Saddledome
Total Attendance: 16032 (80.02%)
Total Ticket Income: $1,132,922.00
Other Expense: $121,789.20
Total Income: $1,011,133.00


Play by Play

Period #1

0:01 of 1st period - Craig Conroy wins face-off versus Simon Gagne in neutral zone.
0:37 of 1st period - Alex Tanguay is hit by Mike Knuble and loses puck.
0:50 of 1st period - Off-side.
0:51 of 1st period - Michal Handzus wins face-off versus Daymond Langkow in neutral zone.
1:05 of 1st period - Minor Penalty to Mike Rathje for Interference.
1:06 of 1st period - Joe Nieuwendyk wins face-off versus Mike Knuble in neutral zone.
1:13 of 1st period - Shot by Joe Nieuwendyk.
1:13 of 1st period - Shot Blocked by Denis Gauthier.
1:14 of 1st period - Shot by Roman Hamrlik.
1:14 of 1st period - Shot Misses the Net.
1:19 of 1st period - Shot by Tony Amonte.
1:19 of 1st period - Shot Misses the Net.
1:22 of 1st period - Shot by Joe Nieuwendyk.
1:22 of 1st period - Stopped by Robert Esche with a rebound.
1:25 of 1st period - Shot by Jarome Iginla.
1:25 of 1st period - Shot Misses the Net.
1:26 of 1st period - Shot by Jaroslav Modry.
1:26 of 1st period - Stopped by Robert Esche with a rebound.
1:31 of 1st period - Shot by Jarome Iginla.
1:31 of 1st period - Shot Misses the Net.
1:32 of 1st period - Shot by Roman Hamrlik.
1:32 of 1st period - Stopped by Robert Esche without a rebound.
1:33 of 1st period - Peter Forsberg wins face-off versus Craig Conroy in Flyers zone.
2:40 of 1st period - Shot by Joe Nieuwendyk.
2:40 of 1st period - Shot Blocked by Freddy Meyer.
2:53 of 1st period - Shot by Simon Gagne.
2:53 of 1st period - Shot Misses the Net.
2:58 of 1st period - Shot by Jarome Iginla.
2:58 of 1st period - Goal by Jarome Iginla.
2:59 of 1st period - Joe Nieuwendyk wins face-off versus Jeff Carter in neutral zone.
4:04 of 1st period - Shot by Craig Conroy.
4:04 of 1st period - Stopped by Robert Esche without a rebound.
4:05 of 1st period - Mike Knuble wins face-off versus Matthew Lombardi in Flyers zone.
4:48 of 1st period - Shot by Brian Willsie.
4:48 of 1st period - Shot Misses the Net.
6:27 of 1st period - Shot by Kristian Huselius.
6:27 of 1st period - Stopped by Robert Esche without a rebound.
6:28 of 1st period - Peter Forsberg wins face-off versus Joe Nieuwendyk in Flyers zone.
6:49 of 1st period - Shot by Mike Knuble.
6:49 of 1st period - Shot Misses the Net.
6:52 of 1st period - Shot by Simon Gagne.
6:52 of 1st period - Goal by Simon Gagne.
6:53 of 1st period - Craig Conroy wins face-off versus Mike Richards in neutral zone.
6:55 of 1st period - Robyn Regehr is hit by Mike Richards and loses puck.
6:56 of 1st period - Minor Penalty to Mike Richards for Holding.
6:57 of 1st period - Craig Conroy wins face-off versus Mike Knuble in neutral zone.
7:02 of 1st period - Shot by Alex Tanguay.
7:02 of 1st period - Stopped by Robert Esche without a rebound.
7:03 of 1st period - Peter Forsberg wins face-off versus Craig Conroy in Flyers zone.
9:13 of 1st period - Icing by Rhett Warrener.
9:14 of 1st period - Bill Guerin wins face-off versus Mike Richards in Flames zone.
9:25 of 1st period - Shot by Joe Nieuwendyk.
9:25 of 1st period - Shot Misses the Net.
9:26 of 1st period - Shot by Andrew Ference.
9:26 of 1st period - Shot Misses the Net.
9:27 of 1st period - Shot by Joe Nieuwendyk.
9:27 of 1st period - Shot Misses the Net.
9:32 of 1st period - Shot by Joe Nieuwendyk.
9:32 of 1st period - Shot Misses the Net.
9:33 of 1st period - Shot by Kristian Huselius.
9:33 of 1st period - Shot Blocked by Derian Hatcher.
10:27 of 1st period - Icing by Mike Rathje.
10:28 of 1st period - Michal Handzus wins face-off versus Craig Conroy in Flyers zone.
10:51 of 1st period - Shot by Alex Tanguay.
10:51 of 1st period - Shot Blocked by Mike Rathje.
10:52 of 1st period - Shot by Alex Tanguay.
10:52 of 1st period - Shot Misses the Net.
10:53 of 1st period - Shot by Craig Conroy.
10:53 of 1st period - Stopped by Robert Esche with a rebound.
10:56 of 1st period - Shot by Alex Tanguay.
10:56 of 1st period - Stopped by Robert Esche without a rebound.
10:57 of 1st period - Peter Forsberg wins face-off versus Joe Nieuwendyk in Flyers zone.
11:03 of 1st period - Simon Gagne is hit by Bill Guerin and loses puck.
11:44 of 1st period - Alexei Yashin is hit by Andrew Ference and loses puck.
11:56 of 1st period - Shot by Alexei Yashin.
11:56 of 1st period - Stopped by Miikka Kiprusoff without a rebound.
11:57 of 1st period - Jeff Carter wins face-off versus Daymond Langkow in Flames zone.
12:04 of 1st period - Shot by Randy Robitaille.
12:04 of 1st period - Stopped by Miikka Kiprusoff without a rebound.
12:05 of 1st period - Michal Handzus wins face-off versus Craig Conroy in Flames zone.
12:12 of 1st period - Shot by Niko Dimitrakos.
12:12 of 1st period - Stopped by Miikka Kiprusoff with a rebound.
12:13 of 1st period - Shot by Michal Handzus.
12:13 of 1st period - Shot Misses the Net.
12:14 of 1st period - Shot by Michal Handzus.
12:14 of 1st period - Shot Blocked by Rhett Warrener.
12:15 of 1st period - Shot by Jay Bouwmeester.
12:15 of 1st period - Shot Blocked by Craig Conroy.
12:25 of 1st period - Icing by Alex Tanguay.
12:26 of 1st period - Jeff Carter wins face-off versus Craig Conroy in Flames zone.
12:49 of 1st period - Shot by Jeff Carter.
12:49 of 1st period - Stopped by Miikka Kiprusoff without a rebound.
12:50 of 1st period - Daymond Langkow wins face-off versus Peter Forsberg in Flames zone.
13:08 of 1st period - Icing by Joni Pitkanen.
13:09 of 1st period - Joe Nieuwendyk wins face-off versus Peter Forsberg in Flyers zone.
13:20 of 1st period - Shot by Kristian Huselius.
13:20 of 1st period - Shot Misses the Net.
13:48 of 1st period - Icing by Andrew Ference.
13:49 of 1st period - Jeff Carter wins face-off versus Joe Nieuwendyk in Flames zone.
14:29 of 1st period - Minor Penalty to Rhett Warrener for Hooking.
14:30 of 1st period - Craig Conroy wins face-off versus Michal Handzus in Flames zone.
14:57 of 1st period - Shot by Michal Handzus.
14:57 of 1st period - Shot Misses the Net.
15:52 of 1st period - Shot by Simon Gagne.
15:52 of 1st period - Shot Misses the Net.
15:53 of 1st period - Shot by Joni Pitkanen.
15:53 of 1st period - Shot Misses the Net.
15:54 of 1st period - Shot by Simon Gagne.
15:54 of 1st period - Shot Misses the Net.
15:55 of 1st period - Shot by Derian Hatcher.
15:55 of 1st period - Shot Blocked by Jaroslav Modry.
15:56 of 1st period - Shot by Simon Gagne.
15:56 of 1st period - Goal by Simon Gagne.
15:57 of 1st period - Matthew Lombardi wins face-off versus Jeff Carter in neutral zone.
16:31 of 1st period - Robyn Regehr is hit by Tomas Holmstrom and loses puck.
16:32 of 1st period - Minor Penalty to Mike Richards for High sticking.
16:33 of 1st period - Craig Conroy wins face-off versus Peter Forsberg in neutral zone.
17:34 of 1st period - Shot by Tony Amonte.
17:34 of 1st period - Stopped by Robert Esche without a rebound.
17:35 of 1st period - Peter Forsberg wins face-off versus Joe Nieuwendyk in Flyers zone.
17:46 of 1st period - Shot by Simon Gagne.
17:46 of 1st period - Shot Blocked by Tony Amonte.
18:34 of 1st period - Off-side.
18:35 of 1st period - Joe Nieuwendyk wins face-off versus Jeff Carter in neutral zone.
19:21 of 1st period - Minor Penalty to Alex Tanguay for Holding.
19:21 of 1st period - Minor Penalty to Tomas Holmstrom for Delaying the game.
19:22 of 1st period - Jarome Iginla wins face-off versus Peter Forsberg in neutral zone.
19:25 of 1st period - Shot by Craig Conroy.
19:25 of 1st period - Goal by Craig Conroy.
19:26 of 1st period - Peter Forsberg wins face-off versus Jarome Iginla in neutral zone.
19:40 of 1st period - Off-side.
19:41 of 1st period - Craig Conroy wins face-off versus Mike Knuble in neutral zone.

Period #2

0:01 of 2nd period - Peter Forsberg wins face-off versus Jarome Iginla in neutral zone.
1:28 of 2nd period - Shot by Tomas Holmstrom.
1:28 of 2nd period - Stopped by Miikka Kiprusoff without a rebound.
1:29 of 2nd period - Joe Nieuwendyk wins face-off versus Jeff Carter in Flames zone.
1:40 of 2nd period - Shot by Kristian Huselius.
1:40 of 2nd period - Shot Misses the Net.
1:45 of 2nd period - Shot by Jay Bouwmeester.
1:45 of 2nd period - Stopped by Miikka Kiprusoff without a rebound.
1:46 of 2nd period - Michal Handzus wins face-off versus Matthew Lombardi in Flames zone.
1:47 of 2nd period - Shot by Niko Dimitrakos.
1:47 of 2nd period - Shot Blocked by Rhett Warrener.
1:52 of 2nd period - Shot by Geoff Sanderson.
1:52 of 2nd period - Stopped by Miikka Kiprusoff with a rebound.
1:53 of 2nd period - Shot by Michal Handzus.
1:53 of 2nd period - Stopped by Miikka Kiprusoff without a rebound.
1:54 of 2nd period - Mike Richards wins face-off versus Daymond Langkow in Flames zone.
1:57 of 2nd period - Shot by Tomas Holmstrom.
1:57 of 2nd period - Shot Misses the Net.
2:35 of 2nd period - Icing by Tomas Holmstrom.
2:36 of 2nd period - Craig Conroy wins face-off versus Mike Richards in Flyers zone.
2:41 of 2nd period - Shot by Alex Tanguay.
2:41 of 2nd period - Stopped by Robert Esche without a rebound.
2:42 of 2nd period - Michal Handzus wins face-off versus Matthew Lombardi in Flyers zone.
3:10 of 2nd period - Minor Penalty to Jay Bouwmeester for Holding.
3:11 of 2nd period - Mike Knuble wins face-off versus Craig Conroy in Flames zone.
4:03 of 2nd period - Icing by Roman Hamrlik.
4:04 of 2nd period - Joe Nieuwendyk wins face-off versus Peter Forsberg in Flames zone.
4:32 of 2nd period - Icing by Jaroslav Modry.
4:33 of 2nd period - Peter Forsberg wins face-off versus Joe Nieuwendyk in Flames zone.
4:54 of 2nd period - Shot by Jarome Iginla.
4:54 of 2nd period - Stopped by Robert Esche without a rebound.
4:55 of 2nd period - Mike Knuble wins face-off versus Craig Conroy in Flyers zone.
5:22 of 2nd period - Shot by Tomas Holmstrom.
5:22 of 2nd period - Stopped by Miikka Kiprusoff without a rebound.
5:23 of 2nd period - Jeff Carter wins face-off versus Craig Conroy in Flames zone.
5:27 of 2nd period - Icing by Craig Conroy.
5:28 of 2nd period - Craig Conroy wins face-off versus Jeff Carter in Flames zone.
5:35 of 2nd period - Shot by Alex Tanguay.
5:35 of 2nd period - Stopped by Robert Esche without a rebound.
5:36 of 2nd period - Daymond Langkow wins face-off versus Peter Forsberg in Flyers zone.
5:39 of 2nd period - Shot by Jarome Iginla.
5:39 of 2nd period - Shot Misses the Net.
5:56 of 2nd period - Shot by Jarome Iginla.
5:56 of 2nd period - Shot Blocked by Mike Knuble.
6:01 of 2nd period - Shot by Jarome Iginla.
6:01 of 2nd period - Shot Misses the Net.
6:02 of 2nd period - Shot by Jarome Iginla.
6:02 of 2nd period - Shot Hit the Post.
6:03 of 2nd period - Shot by Jarome Iginla.
6:03 of 2nd period - Goal by Jarome Iginla.
6:04 of 2nd period - Joe Nieuwendyk wins face-off versus Michal Handzus in neutral zone.
6:38 of 2nd period - Minor Penalty to Andrew Ference for Clipping.
6:39 of 2nd period - Craig Conroy wins face-off versus Simon Gagne in Flames zone.
6:58 of 2nd period - Shot by Mike Knuble.
6:58 of 2nd period - Shot Misses the Net.
7:47 of 2nd period - Shot by Geoff Sanderson.
7:47 of 2nd period - Stopped by Miikka Kiprusoff without a rebound.
7:48 of 2nd period - Jarome Iginla wins face-off versus Michal Handzus in Flames zone.
8:01 of 2nd period - Shot by Michal Handzus.
8:01 of 2nd period - Shot Misses the Net.
8:02 of 2nd period - Shot by Mike Rathje.
8:02 of 2nd period - Goal by Mike Rathje.
8:03 of 2nd period - Randy Robitaille wins face-off versus Matthew Lombardi in neutral zone.
8:12 of 2nd period - Shot by Jay Bouwmeester.
8:12 of 2nd period - Shot Blocked by Robyn Regehr.
8:14 of 2nd period - Icing by Robyn Regehr.
8:15 of 2nd period - Matthew Lombardi wins face-off versus Jeff Carter in Flames zone.
8:26 of 2nd period - Shot by Brian Willsie.
8:26 of 2nd period - Shot Blocked by Tomas Holmstrom.
8:27 of 2nd period - Shot by Tony Amonte.
8:27 of 2nd period - Shot Misses the Net.
8:28 of 2nd period - Shot by Robyn Regehr.
8:28 of 2nd period - Shot Misses the Net.
8:29 of 2nd period - Shot by Matthew Lombardi.
8:29 of 2nd period - Stopped by Robert Esche without a rebound.
8:30 of 2nd period - Joe Nieuwendyk wins face-off versus Michal Handzus in Flyers zone.
8:41 of 2nd period - Shot by Andrei Zyuzin.
8:41 of 2nd period - Shot Misses the Net.
8:46 of 2nd period - Shot by Kristian Huselius.
8:46 of 2nd period - Shot Misses the Net.
8:51 of 2nd period - Shot by Joe Nieuwendyk.
8:51 of 2nd period - Stopped by Robert Esche with a rebound.
8:54 of 2nd period - Shot by Bill Guerin.
8:54 of 2nd period - Shot Blocked by Niko Dimitrakos.
9:04 of 2nd period - Off-side.
9:05 of 2nd period - Peter Forsberg wins face-off versus Daymond Langkow in neutral zone.
9:46 of 2nd period - Shot by Simon Gagne.
9:46 of 2nd period - Shot Blocked by Jaroslav Modry.
9:56 of 2nd period - Roman Hamrlik is hit by Derian Hatcher and loses puck.
10:22 of 2nd period - Shot by Jeff Carter.
10:22 of 2nd period - Stopped by Miikka Kiprusoff with a rebound.
10:23 of 2nd period - Shot by Freddy Meyer.
10:23 of 2nd period - Shot Misses the Net.
10:28 of 2nd period - Shot by Tomas Holmstrom.
10:28 of 2nd period - Shot Blocked by Daymond Langkow.
10:29 of 2nd period - Shot by Freddy Meyer.
10:29 of 2nd period - Shot Misses the Net.
10:30 of 2nd period - Shot by Tomas Holmstrom.
10:30 of 2nd period - Shot Misses the Net.
10:33 of 2nd period - Shot by Jeff Carter.
10:33 of 2nd period - Stopped by Miikka Kiprusoff without a rebound.
10:34 of 2nd period - Craig Conroy wins face-off versus Michal Handzus in Flames zone.
10:42 of 2nd period - Craig Conroy is hit by Jay Bouwmeester and loses puck.
10:58 of 2nd period - Shot by Alex Tanguay.
10:58 of 2nd period - Shot Misses the Net.
12:13 of 2nd period - Shot by Simon Gagne.
12:13 of 2nd period - Stopped by Miikka Kiprusoff without a rebound.
12:14 of 2nd period - Tony Amonte wins face-off versus Peter Forsberg in Flames zone.
12:34 of 2nd period - Simon Gagne is hit by Rhett Warrener and loses puck.
12:46 of 2nd period - Shot by Matthew Lombardi.
12:46 of 2nd period - Shot Blocked by Alexei Yashin.
13:03 of 2nd period - Shot by Jussi Jokinen.
13:03 of 2nd period - Shot Misses the Net.
14:10 of 2nd period - Shot by Bill Guerin.
14:10 of 2nd period - Shot Misses the Net.
14:13 of 2nd period - Shot by Joe Nieuwendyk.
14:13 of 2nd period - Stopped by Robert Esche with a rebound.
14:14 of 2nd period - Shot by Andrew Ference.
14:14 of 2nd period - Shot Misses the Net.
14:15 of 2nd period - Shot by Andrew Ference.
14:15 of 2nd period - Stopped by Robert Esche without a rebound.
14:16 of 2nd period - Craig Conroy wins face-off versus Mike Richards in Flyers zone.
14:17 of 2nd period - Shot by Alex Tanguay.
14:17 of 2nd period - Shot Blocked by Derian Hatcher.
14:20 of 2nd period - Shot by Alex Tanguay.
14:20 of 2nd period - Stopped by Robert Esche without a rebound.
14:21 of 2nd period - Matthew Lombardi wins face-off versus Mike Richards in Flyers zone.
14:28 of 2nd period - Shot by Brian Willsie.
14:28 of 2nd period - Shot Misses the Net.
14:42 of 2nd period - Minor Penalty to Tony Amonte for Roughing.
14:43 of 2nd period - Craig Conroy wins face-off versus Peter Forsberg in Flames zone.
14:51 of 2nd period - Off-side.
14:52 of 2nd period - Peter Forsberg wins face-off versus Jarome Iginla in neutral zone.
15:25 of 2nd period - Shot by Mike Knuble.
15:25 of 2nd period - Stopped by Miikka Kiprusoff with a rebound.
16:52 of 2nd period - Shot by Peter Forsberg.
16:52 of 2nd period - Shot Misses the Net.
16:54 of 2nd period - Icing by Andrew Ference.
16:55 of 2nd period - Jeff Carter wins face-off versus Joe Nieuwendyk in Flames zone.
18:34 of 2nd period - Shot by Jarome Iginla.
18:34 of 2nd period - Stopped by Robert Esche without a rebound.
18:35 of 2nd period - Geoff Sanderson wins face-off versus Daymond Langkow in Flyers zone.
18:49 of 2nd period - Minor Penalty to Roman Hamrlik for Cross-checking.
18:50 of 2nd period - Craig Conroy wins face-off versus Niko Dimitrakos in neutral zone.
18:58 of 2nd period - Icing by Mike Rathje.
18:59 of 2nd period - Michal Handzus wins face-off versus Craig Conroy in Flyers zone.
19:34 of 2nd period - Shot by Niko Dimitrakos.
19:34 of 2nd period - Shot Misses the Net.
19:35 of 2nd period - Shot by Niko Dimitrakos.
19:35 of 2nd period - Shot Blocked by Rhett Warrener.
19:50 of 2nd period - Shot by Simon Gagne.
19:50 of 2nd period - Shot Blocked by Robyn Regehr.
19:51 of 2nd period - Shot by Derian Hatcher.
19:51 of 2nd period - Stopped by Miikka Kiprusoff without a rebound.
19:52 of 2nd period - Peter Forsberg wins face-off versus Craig Conroy in Flames zone.
19:57 of 2nd period - Shot by Mike Knuble.
19:57 of 2nd period - Shot Misses the Net.
19:58 of 2nd period - Shot by Simon Gagne.
19:58 of 2nd period - Shot Misses the Net.

Period #3

0:01 of 3rd period - Peter Forsberg wins face-off versus Jarome Iginla in neutral zone.
0:13 of 3rd period - Off-side.
0:14 of 3rd period - Craig Conroy wins face-off versus Niko Dimitrakos in neutral zone.
0:27 of 3rd period - Shot by Geoff Sanderson.
0:27 of 3rd period - Shot Misses the Net.
0:46 of 3rd period - Shot by Geoff Sanderson.
0:46 of 3rd period - Stopped by Miikka Kiprusoff with a rebound.
0:49 of 3rd period - Shot by Geoff Sanderson.
0:49 of 3rd period - Stopped by Miikka Kiprusoff without a rebound.
0:50 of 3rd period - Joe Nieuwendyk wins face-off versus Peter Forsberg in Flames zone.
0:54 of 3rd period - Minor Penalty to Joni Pitkanen for Hooking.
0:55 of 3rd period - Peter Forsberg wins face-off versus Joe Nieuwendyk in Flyers zone.
3:06 of 3rd period - Shot by Tony Amonte.
3:06 of 3rd period - Shot Blocked by Joni Pitkanen.
3:11 of 3rd period - Shot by Tony Amonte.
3:11 of 3rd period - Stopped by Robert Esche without a rebound.
3:12 of 3rd period - Bill Guerin wins face-off versus Jeff Carter in Flyers zone.
3:54 of 3rd period - Joe Nieuwendyk is hit by Joni Pitkanen and loses puck.
5:14 of 3rd period - Shot by Geoff Sanderson.
5:14 of 3rd period - Shot Misses the Net.
5:17 of 3rd period - Shot by Geoff Sanderson.
5:17 of 3rd period - Stopped by Miikka Kiprusoff without a rebound.
5:18 of 3rd period - Brian Willsie wins face-off versus Jeff Carter in Flames zone.
6:04 of 3rd period - Icing by Freddy Meyer.
6:05 of 3rd period - Joe Nieuwendyk wins face-off versus Jeff Carter in Flyers zone.
7:10 of 3rd period - Shot by Jarome Iginla.
7:10 of 3rd period - Stopped by Robert Esche without a rebound.
7:11 of 3rd period - Craig Conroy wins face-off versus Peter Forsberg in Flyers zone.
7:11 of 3rd period - Minor Penalty to Derian Hatcher for Roughing.
7:12 of 3rd period - Joe Nieuwendyk wins face-off versus Mike Knuble in Flyers zone.
7:19 of 3rd period - Shot by Jarome Iginla.
7:19 of 3rd period - Shot Misses the Net.
7:22 of 3rd period - Shot by Tony Amonte.
7:22 of 3rd period - Shot Blocked by Mike Knuble.
7:25 of 3rd period - Shot by Jarome Iginla.
7:25 of 3rd period - Shot Misses the Net.
9:20 of 3rd period - Shot by Matthew Lombardi.
9:20 of 3rd period - Shot Misses the Net.
9:25 of 3rd period - Shot by Tomas Holmstrom.
9:25 of 3rd period - Shot Blocked by Robyn Regehr.
9:28 of 3rd period - Shot by Randy Robitaille.
9:28 of 3rd period - Shot Misses the Net.
9:37 of 3rd period - Shot by Tomas Holmstrom.
9:37 of 3rd period - Stopped by Miikka Kiprusoff without a rebound.
9:38 of 3rd period - Jeff Carter wins face-off versus Bill Guerin in Flames zone.
9:51 of 3rd period - Shot by Jeff Carter.
9:51 of 3rd period - Stopped by Miikka Kiprusoff without a rebound.
9:52 of 3rd period - Michal Handzus wins face-off versus Craig Conroy in Flames zone.
10:03 of 3rd period - Shot by Geoff Sanderson.
10:03 of 3rd period - Stopped by Miikka Kiprusoff without a rebound.
10:04 of 3rd period - Peter Forsberg wins face-off versus Daymond Langkow in Flames zone.
10:07 of 3rd period - Shot by Mike Knuble.
10:07 of 3rd period - Shot Misses the Net.
10:08 of 3rd period - Shot by Joni Pitkanen.
10:08 of 3rd period - Shot Misses the Net.
10:09 of 3rd period - Shot by Derian Hatcher.
10:09 of 3rd period - Shot Misses the Net.
10:10 of 3rd period - Shot by Joni Pitkanen.
10:10 of 3rd period - Shot Misses the Net.
10:13 of 3rd period - Shot by Simon Gagne.
10:13 of 3rd period - Shot Misses the Net.
10:18 of 3rd period - Shot by Simon Gagne.
10:18 of 3rd period - Stopped by Miikka Kiprusoff without a rebound.
10:19 of 3rd period - Jeff Carter wins face-off versus Joe Nieuwendyk in Flames zone.
10:23 of 3rd period - Tomas Holmstrom is hit by Andrei Zyuzin and loses puck.
10:31 of 3rd period - Shot by Joe Nieuwendyk.
10:31 of 3rd period - Stopped by Robert Esche without a rebound.
10:32 of 3rd period - Michal Handzus wins face-off versus Craig Conroy in Flyers zone.
10:43 of 3rd period - Shot by Stephane Yelle.
10:43 of 3rd period - Shot Blocked by Niko Dimitrakos.
10:48 of 3rd period - Shot by Alex Tanguay.
10:48 of 3rd period - Stopped by Robert Esche without a rebound.
10:49 of 3rd period - Randy Robitaille wins face-off versus Daymond Langkow in Flyers zone.
11:10 of 3rd period - Shot by Jussi Jokinen.
11:10 of 3rd period - Shot Misses the Net.
11:27 of 3rd period - Shot by Jussi Jokinen.
11:27 of 3rd period - Stopped by Robert Esche without a rebound.
11:28 of 3rd period - Joe Nieuwendyk wins face-off versus Geoff Sanderson in Flyers zone.
11:51 of 3rd period - Shot by Niko Dimitrakos.
11:51 of 3rd period - Shot Misses the Net.
11:52 of 3rd period - Shot by Michal Handzus.
11:52 of 3rd period - Shot Misses the Net.
11:53 of 3rd period - Shot by Mike Rathje.
11:53 of 3rd period - Shot Misses the Net.
12:08 of 3rd period - Shot by Kristian Huselius.
12:08 of 3rd period - Stopped by Robert Esche with a rebound.
12:49 of 3rd period - Shot by Simon Gagne.
12:49 of 3rd period - Shot Misses the Net.
12:52 of 3rd period - Shot by Peter Forsberg.
12:52 of 3rd period - Stopped by Miikka Kiprusoff without a rebound.
12:53 of 3rd period - Jeff Carter wins face-off versus Craig Conroy in Flames zone.
13:10 of 3rd period - Shot by Alex Tanguay.
13:10 of 3rd period - Shot Blocked by Alexei Yashin.
13:13 of 3rd period - Shot by Craig Conroy.
13:13 of 3rd period - Stopped by Robert Esche without a rebound.
13:14 of 3rd period - Mike Knuble wins face-off versus Daymond Langkow in Flyers zone.
13:28 of 3rd period - Jussi Jokinen is hit by Mike Knuble and loses puck.
13:36 of 3rd period - Shot by Jarome Iginla.
13:36 of 3rd period - Stopped by Robert Esche without a rebound.
13:37 of 3rd period - Craig Conroy wins face-off versus Randy Robitaille in Flyers zone.
13:40 of 3rd period - Shot by Robyn Regehr.
13:40 of 3rd period - Shot Misses the Net.
13:45 of 3rd period - Shot by Jay Bouwmeester.
13:45 of 3rd period - Shot Misses the Net.
13:46 of 3rd period - Shot by Jay Bouwmeester.
13:46 of 3rd period - Stopped by Miikka Kiprusoff without a rebound.
13:47 of 3rd period - Michal Handzus wins face-off versus Tony Amonte in Flames zone.
14:03 of 3rd period - Michal Handzus is hit by Rhett Warrener and loses puck.
15:00 of 3rd period - Icing by Derian Hatcher.
15:01 of 3rd period - Mike Richards wins face-off versus Joe Nieuwendyk in Flyers zone.
15:14 of 3rd period - Shot by Bill Guerin.
15:14 of 3rd period - Stopped by Robert Esche without a rebound.
15:15 of 3rd period - Peter Forsberg wins face-off versus Jarome Iginla in Flyers zone.
15:33 of 3rd period - Peter Forsberg is hit by Roman Hamrlik and loses puck.
16:04 of 3rd period - Minor Penalty to Jussi Jokinen for Roughing.
16:05 of 3rd period - Michal Handzus wins face-off versus Jarome Iginla in Flames zone.
16:20 of 3rd period - Shot by Geoff Sanderson.
16:20 of 3rd period - Shot Misses the Net.
16:33 of 3rd period - Shot by Michal Handzus.
16:33 of 3rd period - Stopped by Miikka Kiprusoff with a rebound.
16:38 of 3rd period - Shot by Geoff Sanderson.
16:38 of 3rd period - Stopped by Miikka Kiprusoff with a rebound.
17:25 of 3rd period - Shot by Simon Gagne.
17:25 of 3rd period - Shot Misses the Net.
17:28 of 3rd period - Shot by Simon Gagne.
17:28 of 3rd period - Shot Blocked by Andrei Zyuzin.
17:45 of 3rd period - Shot by Geoff Sanderson.
17:45 of 3rd period - Shot Blocked by Craig Conroy.
18:15 of 3rd period - Minor Penalty to Jeff Carter for Charging.
18:16 of 3rd period - Peter Forsberg wins face-off versus Craig Conroy in Flames zone.
19:07 of 3rd period - Shot by Joe Nieuwendyk.
19:07 of 3rd period - Shot Blocked by Derian Hatcher.
19:22 of 3rd period - Shot by Joe Nieuwendyk.
19:22 of 3rd period - Shot Misses the Net.
19:25 of 3rd period - Shot by Jarome Iginla.
19:25 of 3rd period - Shot Misses the Net.
19:46 of 3rd period - Shot by Craig Conroy.
19:46 of 3rd period - Shot Misses the Net.
19:49 of 3rd period - Shot by Alex Tanguay.
19:49 of 3rd period - Stopped by Robert Esche without a rebound.
19:50 of 3rd period - Mike Knuble wins face-off versus Joe Nieuwendyk in Flyers zone.

Overtime #1

0:01 of 1st overtime period - Peter Forsberg wins face-off versus Alex Tanguay in neutral zone.
1:44 of 1st overtime period - Shot by Michal Handzus.
1:44 of 1st overtime period - Shot Misses the Net.
2:15 of 1st overtime period - Shot by Jarome Iginla.
2:15 of 1st overtime period - Stopped by Robert Esche without a rebound.
2:16 of 1st overtime period - Jarome Iginla wins face-off versus Mike Knuble in Flyers zone.
2:19 of 1st overtime period - Shot by Alex Tanguay.
2:19 of 1st overtime period - Shot Misses the Net.
2:20 of 1st overtime period - Shot by Alex Tanguay.
2:20 of 1st overtime period - Shot Blocked by Denis Gauthier.
2:23 of 1st overtime period - Shot by Robyn Regehr.
2:23 of 1st overtime period - Shot Blocked by Michal Handzus.
2:34 of 1st overtime period - Shot by Alex Tanguay.
2:34 of 1st overtime period - Stopped by Robert Esche with a rebound.
2:54 of 1st overtime period - Off-side.
2:55 of 1st overtime period - Joe Nieuwendyk wins face-off versus Peter Forsberg in neutral zone.
3:16 of 1st overtime period - Shot by Simon Gagne.
3:16 of 1st overtime period - Stopped by Miikka Kiprusoff without a rebound.
3:17 of 1st overtime period - Craig Conroy wins face-off versus Peter Forsberg in Flames zone.
4:06 of 1st overtime period - Shot by Jarome Iginla.
4:06 of 1st overtime period - Stopped by Robert Esche without a rebound.
4:07 of 1st overtime period - Mike Knuble wins face-off versus Daymond Langkow in Flyers zone.
4:14 of 1st overtime period - Shot by Mike Knuble.
4:14 of 1st overtime period - Stopped by Miikka Kiprusoff with a rebound.
4:19 of 1st overtime period - Shot by Mike Knuble.
4:19 of 1st overtime period - Shot Misses the Net.
4:20 of 1st overtime period - Shot by Denis Gauthier.
4:20 of 1st overtime period - Stopped by Miikka Kiprusoff without a rebound.
4:21 of 1st overtime period - Mike Knuble wins face-off versus Jarome Iginla in Flames zone.
4:38 of 1st overtime period - Shot by Mike Knuble.
4:38 of 1st overtime period - Stopped by Miikka Kiprusoff with a rebound.
4:41 of 1st overtime period - Shot by Michal Handzus.
4:41 of 1st overtime period - Shot Misses the Net.
4:42 of 1st overtime period - Shot by Denis Gauthier.
4:42 of 1st overtime period - Shot Misses the Net.
4:43 of 1st overtime period - Shot by Mike Rathje.
4:43 of 1st overtime period - Stopped by Miikka Kiprusoff without a rebound.
4:44 of 1st overtime period - Peter Forsberg wins face-off versus Joe Nieuwendyk in Flames zone.

ShootOut

ShootOut - Penalty Shot by Peter Forsberg for Flyers.
ShootOut - Stopped by Miikka Kiprusoff.
ShootOut - Penalty Shot by Jarome Iginla for Flames.
ShootOut - Stopped by Robert Esche.
ShootOut - Penalty Shot by Simon Gagne for Flyers.
ShootOut - Shot Misses the Net.
ShootOut - Penalty Shot by Alex Tanguay for Flames.
ShootOut - Shot Misses the Net.
ShootOut - Penalty Shot by Mike Knuble for Flyers.
ShootOut - Goal by Mike Knuble.
ShootOut - Penalty Shot by Craig Conroy for Flames.
ShootOut - Stopped by Robert Esche.


Output by the STHS for Stephane Roy -- Original Page W3C XHTML 1.0 Valid